 Dungeon Crawl Stone Soup version 0.29-a0-321-gf1c400731a (webtiles) character file.

Game seed: 17325786552587977654

2 enile the Grasshopper (level 1, -3/12 HPs)
             Began as a Tengu Wanderer on Apr 5, 2022.
             Slain by a kobold
             ... wielding a +2 vampiric short sword
              (7 damage)
             ... on level 1 of the Dungeon.
             The game lasted 00:00:37 (268 turns).

enile the Grasshopper (Tengu Wanderer)               Turns: 268, Time: 00:00:38

Health: -3/12      AC:  5    Str: 16    XL:     1   Next: 30%
Magic:  3/3        EV: 10    Int: 10    God:
Gold:   0          SH:  0    Dex: 11    Spells: 1/2 levels left

rFire   . . .      SeeInvis .   a - +0 hand axe
rCold   . . .      Faith    .   (no shield)
rNeg    . . .      Spirit   .   b - +0 ring mail
rPois   .          Reflect  .   (helmet restricted)
rElec   .          Harm     .   (no cloak)
rCorr   .          Rampage  .   (no gloves)
Will    .....                   (boots unavailable)
Stlth   +.........              (no amulet)
HPRegen 0.04/turn               (no ring)
MPRegen 0.08/turn               (no ring)

@: no status effects
A: beak, talons 3
a: no special abilities


You were on level 1 of the Dungeon.
You visited 1 branch of the dungeon, and saw 1 of its levels.

Inventory:

Hand Weapons
 a - a +0 hand axe (weapon)
Armour
 b - a +0 ring mail (worn)


   Skills:
 + Level 1.0 Fighting
 + Level 2.2 Axes
 + Level 1.1 Armour
 + Level 1.0 Spellcasting
 + Level 4.1 Translocations


You had one spell level left.
You knew the following spells:

 Your Spells              Type           Power      Damage    Failure   Level
a - Apportation           Tloc           16%        N/A       12%         1

Your spell library contained the following spells:

 Spells                   Type           Power      Damage    Failure   Level
 Blink                    Tloc           16%        N/A       19%         2
 Teleport Other           Tloc           8%         N/A       36%         3
 Alistair's Intoxication  Tmut/Pois      0%         N/A       100%        5


Dungeon Overview and Level Annotations

Branches:
Dungeon (1/15)

Altars:


Innate Abilities, Weirdness & Mutations

You have a beak for a mouth.
You have claws for feet.


Message History

You continue putting on your +0 ring mail. x4
You finish putting on your +0 ring mail.
HP restored.
You open the door.
There is an open door here.
You open the door.
There is an open door here.
Found a mace and a leather armour.
A ball python and a kobold come into view.
The kobold is wielding a +2 vampiric short sword.
The ball python hisses angrily.
The kobold shouts!
You hit the ball python but do no damage.
The ball python bites you but does no damage.
The ball python grabs you. The ball python constricts you.
You hit the ball python but do no damage.
Your kick misses the ball python. You barely miss the kobold.
The ball python bites you but does no damage.
The ball python constricts you.
The kobold hits you with a +2 vampiric short sword.
The ball python bites you but does no damage.
The ball python constricts you.
You hit the ball python but do no damage.
You claw the ball python.
You kill the ball python!
You hit the kobold.
The kobold hits you with a +2 vampiric short sword.
The kobold draws strength from your wounds!
You are too injured to fight recklessly!
You are too injured to fight recklessly!
You are too injured to fight recklessly!
Sorry, you're not good enough to have a special ability.
Casting: Apportation (safe; 12% risk of failure)
Confirm with . or Enter, or press ? or * to list all spells.
Okay, then.
Okay, then.
Sorry, you're not good enough to have a special ability.
You closely miss the kobold.
The kobold hits you with a +2 vampiric short sword!
Ouch! That really hurt!
You die...

## .. .. .. .. ...
#.#.###..# ##
.$....... ##..
.[.....# ..
....###......##.#
.......†............
.......K##.#....#..
..).....@......... ##
.................#...
.........#.........#
.......##..........
....... #.#.....#
....#.###.###.#..
....#.+#'.+#'.# ###
###.###b### #.'.+.#


You could see a kobold.

Vanquished Creatures
  A quokka (D:1)
  A ball python (D:1)
2 creatures vanquished.

Notes
Turn   | Place    | Note
-------+----------+-------------------------------------------
     0 | D:1      | enile the Tengu Wanderer began the quest for the Orb.
     0 | D:1      | enile set off with the following items: a +0 hand axe, a +0
                  | ring mail, a potion of heal wounds; and the following spell
                  | memorised: Apportation; and the following spells available
                  | to memorise: Blink, Teleport Other
     0 | D:1      | Reached XP level 1. HP: 12/12 MP: 3/3
   268 | D:1      | Slain by a kobold

Illustrated notes

Levels and vault maps discovered:
D:1:      erik_arrival_triangle_small, layout_rooms, minmay_tromino_mix6

Action                   || total
-------------------------++-------
Melee: Hand axe          ||    14
       Kick              ||     2
       Peck              ||     2
 Cast: Apportation       ||     1
  Use: Potion            ||     1
Armor: Ring mail         ||     3
Dodge: Dodged            ||    14

Table legend: (Time is in decaauts)
 A = Elapsed time spent in this place.
 B = Non-inter-level travel time spent in this place.
 C = Inter-level travel time spent in this place.
 D = Time resting spent in this place.
 E = Time spent auto-exploring this place.
 F = Levels seen in this place.
 G = Mean time per level.
                   A        B        C        D        E       F      G
               +--------+--------+--------+--------+--------+-----+--------+
         Total |    270 |    270 |      0 |      0 |    231 |   1 |  270.0 |
       Dungeon |    270 |    270 |      0 |      0 |    231 |   1 |  270.0 |
               +--------+--------+--------+--------+--------+-----+--------+

Top non-repeatable levels by time:
     D:1: 270 daAuts
